AoeStats
← Very ellegant player

Black Forest

509971996Analyzed
2v2 RM · 3d ago on Sep 28, 2026· 60m 1s· 4 players
Game mode
Random Map
Map size
Medium (4 player)
Population
200
Speed
Normal
Resources
Standard
Victory
Conquest
Starting age
Dark Age
Ending age
Imperial Age
RankedLock teamsTeams togetherTeam positionsShared explorationLock speedFull tech treeHidden civsTurbo modeCheats
Victory
Defeat
🇩🇪 Hindustanis · Germany
1326
+12
🇬🇧 Aztecs · United Kingdom
1278
+14
🇦🇷 Britons · Argentina
1279
-15
🇦🇷 Georgians · Argentina
1194
-11
Bambi
14:49 Loom
15:12 Loom
18:00 Feudal Age
18:02 Man-at-Arms
18:42 Arson
25:54 Castle Age
24:33 Horse Collar
24:48 Double-Bit Axe
25:15 Forging
25:44 Scale Mail Armor
26:22 Eagle Warrior
31:44 Iron Casting
31:46 Squires
32:08 Chain Mail Armor
43:37 Imperial Age
44:50 Elite Eagle Warrior
46:08 Plate Mail Armor
46:45 Blast Furnace
53:32 Capped Ram
56:51 Siege Ram
59:28 Chemistry
58:48 Ballistics
Navarr
1:17 Loom
18:37 Feudal Age
20:00 Double-Bit Axe
22:27 Castle Age
20:29 Stone Mining
20:33 Gold Mining
20:45 Horse Collar
26:59 Wheelbarrow
27:02 Fletching
29:57 Heavy Plow
29:52 Stone Mining
34:18 Imperial Age
32:10 Bodkin Arrow
32:18 Padded Archer Armor
32:42 Masonry
33:31 Hand Cart
33:32 Leather Archer Armor
33:24 Town Watch
34:07 Bodkin Arrow
34:30 Thumb Ring
36:04 Chemistry
35:48 Ring Archer Armor
36:14 Conscription
37:00 Bracer
39:33 Town Patrol
39:57 Ballistics
40:56 Bow Saw
41:25 Gold Shaft Mining
41:27 Stone Shaft Mining
40:55 Scale Mail Armor
41:05 Forging
41:04 Scale Barding Armor
41:39 Siege Elephant
43:23 Thumb Ring
45:19 Chain Barding Armor
45:34 Iron Casting
47:30 Bloodlines
47:20 Husbandry
46:41 Light Cavalry
47:33 Hussar
52:36 Hoardings
52:45 Caravan
Very ellegant player
0:48 Loom
18:25 Feudal Age
22:25 Castle Age
20:27 Double-Bit Axe
21:08 Horse Collar
24:46 Wheelbarrow
30:47 Forging
30:41 Scale Mail Armor
31:35 Heavy Plow
33:02 Iron Casting
38:49 Imperial Age
36:15 Gold Mining
36:49 Bow Saw
37:06 Padded Archer Armor
36:57 Fletching
37:18 Svan Towers
38:07 Hand Cart
38:54 Bloodlines
38:44 Husbandry
39:01 Fortified Wall
38:52 Elite Skirmisher
39:29 Bodkin Arrow
39:49 Leather Archer Armor
40:06 Ballistics
40:47 Chemistry
39:34 Arrowslits
40:18 Pikeman
40:58 Squires
40:44 Gambesons
40:45 Arson
41:07 Halberdier
41:50 Bracer
41:47 Guard Tower
44:11 Keep
43:48 Masonry
43:57 Treadmill Crane
44:56 Scale Barding Armor
45:51 Blast Furnace
45:49 Chain Mail Armor
Eros.99
2:36 Loom
14:23 Feudal Age
20:04 Castle Age
18:08 Double-Bit Axe
21:24 Horse Collar
23:56 Bow Saw
24:50 Heavy Plow
31:14 Wheelbarrow
35:30 Fletching
35:03 Crossbowman
37:29 Ballistics
37:56 Bodkin Arrow
40:30 Padded Archer Armor
Connection lost

Rejoining the realm…

Still unreachable

The connection could not be restored.

Session expired

The server has moved on; the page needs a fresh start.